 Dungeon Crawl Stone Soup version 0.30.1-3-gfc49f6343a (webtiles) character file.

Game seed: 4768564959305855657

107 cheesebisquit the Ruffian (level 4, 0/45 HPs)
             Began as a Troll Fighter on July 22, 2023.
             Killed from afar by an orc wizard (7 damage)
             ... with a puff of flame
             ... on level 3 of the Dungeon.
             The game lasted 00:03:07 (1271 turns).

cheesebisquit the Ruffian (Troll Fighter)           Turns: 1271, Time: 00:03:07

Health: 0/45       AC:  4    Str: 21 (24) XL:     4   Next: 57%
Magic:  3/3        EV:  8    Int:  5 (6)  God:
Gold:   144        SH:  0    Dex:  8 (9)  Spells: 3/3 levels left

rFire   . .          .
                       - Unarmed
rCold   . . .        b - +0 kite shield
rNeg    . . .        a - +0 robe
rPois   .            (helmet restricted)
rElec   +            (no cloak)
rCorr   .            (gloves unavailable)
SInv    .            (boots unavailable)
Will    .....        i - amulet of Departure {Acrobat rElec}
Stlth   +            (no ring)
HPRegen 1.07/turn    (no ring)
MPRegen 0.08/turn

%: acrobat
@: confused, mighty, lethally poisoned (0 -> -6), ambrosia-drunk
A: large, unfitting armour, claws 3, regeneration 1, shaggy fur 1, tough skin 1,
devolution 1
a: no special abilities


You were on level 3 of the Dungeon.
You visited 1 branch of the dungeon, and saw 3 of its levels.

You collected 144 gold pieces.

Inventory:

Missiles
 e - 2 poisoned darts (quivered)
Armour
 a - a +0 robe (worn)
 b - a +0 kite shield (worn)
Jewellery
 i - the amulet of Departure (around neck) {Acrobat rElec}
   (You found it on level 3 of the Dungeon)

   [amulet of the acrobat]

   It increases your evasion while moving and waiting.
   rElec:     It insulates you from electricity.
Scrolls
 g - 3 scrolls of identify {unknown}
 h - 2 scrolls of teleportation {unknown}
 k - a scroll of noise {unknown}
Potions
 d - a potion of mutation
 j - a potion of degeneration


   Skills:
 + Level 3.0 Fighting
 - Level 2.4 Dodging
 + Level 3.3 Shields
 * Level 3.7 Unarmed Combat


You had 3 spell levels left.
You didn't know any spells.
Your spell library contained the following spells:

 Spells                   Type           Power      Damage    Failure   Level
 Sublimation of Blood     Necr           0%         N/A       88%         2
 Wereblood                Tmut           0%         N/A       88%         2
 Summon Guardian Golem    Hex/Summ       0%         N/A       98%         3
 Orb of Destruction       Conj           0%         9d5       100%        7
 Spellforged Servitor     Conj/Summ      0%         N/A       100%        7
 Summon Hydra             Summ           0%         N/A       100%        7


Dungeon Overview and Level Annotations

Branches:
Dungeon (3/15)

Altars:
Nemelex Xobeh


Innate Abilities, Weirdness & Mutations

You are too large for most types of armour.
You have claws for hands.
Your natural rate of healing is unusually fast.
You are covered in fur. (AC +1)
You have tough skin. (AC +1)
You have hidden genetic defects.


Message History

The orc priest miscasts a cantrip.
You bump into the rock wall.
You feel sick. Something hits you.
You are more poisoned.
The orc priest invokes the aid of Beogh against you.
Something writhes in agony.
You closely miss something.
You feel very sick. Something hits you.
You miss something.
You feel less confused.
You feel very sick. Something hits you but does no damage.
It was a potion of mutation.
You feel extremely strange.
You feel a hidden malignance growing inside you.
You feel very sick. Something hits you.
* * * LOW HITPOINT WARNING * * *
You are lethally poisoned!
It was a potion of degeneration.
There was something very wrong with that liquid.
You feel weakened.
You feel dopey.
You feel clumsy.
* * * LOW HITPOINT WARNING * * *
You feel very sick. You block something's attack.
It was a potion of ambrosia.
You are confused.
You feel invigorated.
You feel very sick. Something hits you.
* * * LOW HITPOINT WARNING * * *
You are lethally poisoned!
You are too confused!
Okay, then.
You're too confused to move!
* * * LOW HITPOINT WARNING * * *
You feel very sick.
You hear some strange, mumbled words.
A puff of flame appears from out of thin air!
The puff of flame hits you!
You die...

.##
#....###...<....#.#
.#
....###..###..#.#.#
#[ #..### #.#
##...#.# ..######.
#.#...# ### #....
##... #.###### ##..
#.#..... #..
######...# #..
#oo{@...# #..
#....####.## #..
..... #.# #.# ..##
#.# #.. # ###.###
#####
#8...8########∩#∩#
###.###...##...._.
#8...8###....#∩#∩#
###.### ##########


You could see an orc priest and an orc.

Vanquished Creatures
  An orc priest (D:3)
  2 adders (D:3)
  3 worms (D:2)
  3 dart slugs
  3 orcs (D:3)
  8 bats
  6 endoplasms
  3 giant cockroaches
  A hobgoblin (D:1)
  2 kobolds
  3 quokkas
  A ball python (D:3)
  4 frilled lizards
  3 rats
43 creatures vanquished.

Notes
Turn   | Place    | Note
-------+----------+-------------------------------------------
     0 | D:1      | cheesebisquit the Troll Fighter began the quest for the
                  | Orb.
     0 | D:1      | Reached XP level 1. HP: 22/22 MP: 0/0
   283 | D:1      | Reached XP level 2. HP: 29/29 MP: 1/1
   600 | D:2      | Reached XP level 3. HP: 36/36 MP: 2/2
   631 | D:2      | Found a sparkling altar of Nemelex Xobeh.
   993 | D:3      | Identified the amulet of Departure {Acrobat rElec}
  1101 | D:3      | Reached XP level 4. HP: 35/44 MP: 3/3
  1175 | D:3      | Found a faded altar of an unknown god.
  1268 | D:3      | Gained mutation: You have hidden genetic defects. [potion
                  | of mutation]
  1271 | D:3      | Killed from afar by an orc wizard

Illustrated notes

Levels and vault maps discovered:
D:1:      grunt_arrival_crossed_arrows, layout_basic
D:2:      layout_basic, basic_altar
D:3:      layout_rooms, nicolae_wu_jian_immortal_techniques,
          ebering_ecumenical_altar_hall, minmay_misc_feat_hallway,
          kennysheep_big_empty_room

Skill      XL: |  1  2  3  4 |
---------------+-------------+-----
Shields        | 3 |  3.3
Unarmed Combat | 3 |  3.7
Fighting       | 3 |  3.0
Dodging        | |  2.4

Action                     |  1- 3 |  4- 6 || total
---------------------------+-------+-------++-------
  Melee: Unarmed           |   113 |    18 ||   131
    Use: Potion            |       |     4 ||     4
 Armour: Robe              |    29 |     3 ||    32
  Dodge: Dodged            |    30 |     3 ||    33
  Block: Kite shield       |    39 |     7 ||    46
